AoeStats
← FF Disasterpiece

Socotra

505735743Analyzed
2v2 RM · 22d ago on Sep 10, 2026· 30m 24s· 4 players
Game mode
Random Map
Map size
Tiny (2 player)
Population
200
Speed
Normal
Resources
Standard
Victory
Conquest
Starting age
Dark Age
Ending age
Imperial Age
RankedLock teamsTeams togetherTeam positionsShared explorationLock speedFull tech treeHidden civsTurbo modeCheats
Victory
Defeat
🇨🇱 Armenians · Chile
841
+18
🇨🇱 Goths · Chile
786
+19
🇫🇷 Portuguese · France
889
-19
🇺🇸 Japanese · United States
853
-22
Osibexe
8:16 Loom
12:54 Feudal Age
14:29 Man-at-Arms
20:07 Scale Mail Armor
Primeloz
10:23 Feudal Age
11:49 Double-Bit Axe
30:31 Castle Age
28:41 Padded Archer Armor
28:33 Fletching
28:45 Scale Mail Armor
28:32 Horse Collar
FF Disasterpiece
12:42 Feudal Age
13:12 Man-at-Arms
19:56 Scale Mail Armor
21:14 Double-Bit Axe
23:09 Forging
27:18 Castle Age
25:04 Horse Collar
29:07 Gold Mining
FF Milo chan
10:15 Feudal Age
10:43 Man-at-Arms
11:10 Arson
12:50 Long Swordsman
14:47 Scale Mail Armor
17:35 Loom
18:15 Forging
18:26 Double-Bit Axe
18:23 Horse Collar
23:29 Castle Age
23:40 Wheelbarrow
23:00 Gold Mining
24:17 Squires
23:38 Two-Handed Swordsman
24:03 Gambesons
25:27 Chain Mail Armor
25:28 Fletching
25:54 Bow Saw
26:34 Padded Archer Armor
28:15 Bodkin Arrow
29:56 Leather Archer Armor
29:05 Elite Skirmisher
31:15 Iron Casting
Connection lost

Rejoining the realm…

Still unreachable

The connection could not be restored.

Session expired

The server has moved on; the page needs a fresh start.